 Dungeon Crawl Stone Soup version 0.28-a0-577-gb193047a1f (webtiles) character file.

Game seed: 15631375788203906234

271 demibob the Poker (level 6, -3/41 (44) HPs)
             Began as a Merfolk Gladiator on Oct 2, 2021.
             Slain by a wight (10 damage)
             ... on level 2 of the Dungeon.
             The game lasted 00:04:30 (3158 turns).

demibob the Poker (Merfolk Gladiator)               Turns: 3158, Time: 00:04:31

HP:   -3/41 (44)    AC:  6    Str: 14    XL:     6   Next: 23%
MP:   6/6           EV: 15    Int:  8    God:
Gold: 122           SH:  0    Dex: 17    Spells: 5/5 levels left

rFire   . . .      SeeInvis .   a - +1 trident
rCold   . . .      Faith    .   (no shield)
rNeg    . . .      Spirit   .   b - +1 leather armour
rPois   .          Reflect  .   c - +0 helmet
rElec   .          Harm     .   (no cloak)
rCorr   .          Rampage  .   g - +0 pair of gloves
Will    .....                   (no boots)
Stlth   +.........              (no amulet)
HPRegen 0.13/turn               (no ring)
MPRegen 0.10/turn               (no ring)

@: drained
A: (nimble swimmer 2), mertail
a: no special abilities


You were on level 2 of the Dungeon.
You visited 1 branch of the dungeon, and saw 3 of its levels.

You collected 122 gold pieces.


Innate Abilities, Weirdness & Mutations

((You are quick and stealthy near water. (Stealth+, EV+, Speed+++)))
Your lower body shifts to a powerful aquatic tail in water.


   Skills:
 - Level 2.1 Fighting
 + Level 7.5 Polearms
 - Level 2.0 Throwing
 + Level 6.9 Dodging


You had 5 spell levels left.
You didn't know any spells.
Your spell library was empty.

Inventory:

Hand Weapons
 a - a +1 trident (weapon)
Missiles
 d - 3 throwing nets (quivered) {=f}
Armour
 b - a +1 leather armour (worn)
 c - a +0 helmet (worn)
 g - a +0 pair of gloves (worn)
Jewellery
 M - a ring of magical power
Wands
 h - a wand of acid (2)
Scrolls
 e - 4 scrolls of fear
Potions
 f - a potion of flight

Dungeon Overview and Level Annotations

Branches:
Dungeon (3/15)

Altars:
Dithmenos
Ru
Uskayaw
Wu Jian

Shops:
D:2 =?!

Annotations:
D:3 2 runed translucent doors

#.# #.# #P......# ##'#### #.# #.#
#P.P....##########.....## #.#
#.####....##................. #.#
#............................ #.#
##....)#####.#########.)...## #.#
#......####.# #.....'. #.#
#....8...##.#########.....##
#.####........##[#......#########
.............P##@'.....+.........
#########.8...##z#..P.P##########
#....###.#..P..# #...## #.#######
##### #.# #.# #.# #.# #†#


You could see a wight.


Message History

The wight hits you with a +0 dire flail.
* * * LOW HITPOINT WARNING * * *
You feel drained.
* * * LOW HITPOINT WARNING * * *
You are too injured to fight recklessly!
You are too injured to fight recklessly!
You are too injured to fight recklessly!
You are too injured to fight recklessly!
You are too injured to fight recklessly!
You are too injured to fight recklessly!
You are too injured to fight recklessly!
Unknown command.
You hit the wight.
The wight is lightly damaged.
The wight misses you.
You barely miss the wight.
The wight is lightly damaged.
The wight hits you with a +0 dire flail.
* * * LOW HITPOINT WARNING * * *
You hit the wight.
The wight is heavily damaged.
The wight closely misses you.
You puncture the wight!
The wight is almost destroyed.
The wight hits you with a +0 dire flail!
* * * LOW HITPOINT WARNING * * *
You barely miss the wight.
The wight is almost destroyed.
The wight hits you with a +0 dire flail!
You die...

Skill      XL: |  1  2  3  4  5 |
---------------+----------------+-----
Polearms       | 5 6 7 |  7.5
Dodging        | 5 6 |  6.9
Fighting       | |  2.1
Throwing       | |  2.0

Action                   |  1- 3 |  4- 6 || total
-------------------------+-------+-------++-------
Melee: Trident           |   306 |   121 ||   427
  Use: Scroll            |     4 |     4 ||     8
       Potion            |       |     3 ||     3
 Stab: Sleeping          |     2 |     1 ||     3
Armor: Leather armour    |    36 |    17 ||    53
Dodge: Dodged            |    94 |    66 ||   160

Levels and vault maps discovered:
D:1:      dpeg_arrival_long_road, layout_loops_ring, serial_forest,
          infiniplex_forest_lined_room_3, infiniplex_forest_corner_2,
          infiniplex_forest_end_1, infiniplex_forest_straight_2,
          infiniplex_forest_split, infiniplex_forest_straight_2,
          infiniplex_forest_zigzag_1, infiniplex_forest_zigzag_2,
          shapermc_ecumenical_altar_totnotflames, minivault_4
D:2:      layout_basic, serial_shops, nicolae_shop_crystal,
          nicolae_shop_statue_plus, shop, serial_undead, serial_undead_e,
          serial_undead_e, serial_undead_b, serial_undead_f
D:3:      layout_basic, gammafunk_temple_overflow_forgotten,
          jmf_multi_god_temple2, mainiacjoe_overflow_cross_hatched

Notes
Turn   | Place    | Note
-------+----------+-------------------------------------------
     0 | D:1      | demibob the Merfolk Gladiator began the quest for the Orb.
     0 | D:1      | Reached XP level 1. HP: 16/16 MP: 1/1
   154 | D:1      | Reached XP level 2. HP: 22/22 MP: 2/2
   263 | D:1      | Reached skill level 5 in Polearms
   450 | D:1      | Reached XP level 3. HP: 27/27 MP: 3/3
   535 | D:1      | Found a faded altar of an unknown god.
  1034 | D:2      | Found Veto's Jewellery Boutique.
  1099 | D:2      | Found Cetaure's Distillery.
  1306 | D:2      | Reached skill level 5 in Dodging
  1561 | D:2      | Found Fowkitemp's Magic Scroll Emporium.
  1607 | D:2      | Reached XP level 4. HP: 33/33 MP: 4/4
  1998 | D:3      | Found a sacrificial altar of Ru.
  2036 | D:3      | Reached skill level 6 in Polearms
  2072 | D:3      | Reached skill level 6 in Dodging
  2072 | D:3      | Reached XP level 5. HP: 20/38 MP: 5/5
  2269 | D:3      | Found a large runed translucent door.
  2272 | D:3      | Found a large runed translucent door.
  2527 | D:3      | Found a hide-covered altar of Uskayaw.
  2563 | D:3      | Found a shadowy altar of Dithmenos.
  2563 | D:3      | Found an ornate altar of the Wu Jian Council.
  2763 | D:3      | Reached skill level 7 in Polearms
  2772 | D:3      | Reached XP level 6. HP: 18/44 MP: 6/6
  3158 | D:2      | Slain by a wight

Vanquished Creatures
  3 wights
  An orc priest (D:3)
  An orc wizard (D:3)
  An adder (D:2)
  An adder zombie (D:2)
  3 worms
  A dart slug (D:1)
  3 orcs (D:3)
  7 ball pythons
  7 bats
  4 endoplasms
  7 giant cockroaches
  4 goblins
  4 hobgoblins
  5 kobolds
  3 quokkas
  A ball python zombie (D:2)
  4 frilled lizards
  5 rats
  A bush (D:1)
66 creatures vanquished.

Vanquished Creatures (others)
  5 plants (D:1)
5 creatures vanquished.

Grand Total: 71 creatures vanquished

Table legend: (Time is in decaauts)
 A = Elapsed time spent in this place.
 B = Non-inter-level travel time spent in this place.
 C = Inter-level travel time spent in this place.
 D = Time resting spent in this place.
 E = Time spent auto-exploring this place.
 F = Levels seen in this place.
 G = Mean time per level.
                   A        B        C        D        E       F      G
               +--------+--------+--------+--------+--------+-----+--------+
         Total |   3165 |   3127 |     38 |    334 |   2073 |   3 | 1055.0 |
       Dungeon |   3165 |   3127 |     38 |    334 |   2073 |   3 | 1055.0 |
               +--------+--------+--------+--------+--------+-----+--------+

Top non-repeatable levels by time:
     D:2: 1119 daAuts
     D:3: 1031 daAuts
     D:1: 1015 daAuts

Table legend:
 A = Non-vault XP
 B = Vault XP
 C = Vault XP percentage of total XP
 D = Non-vault monster count
 E = Vault monster count
 F = Vault count percentage of total count
                 A         B        C        D         E       F
            +---------+---------+-------+---------+---------+-------
      Total |     381 |       7 |   1.8 |      63 |       2 |   3.1
            +---------+---------+-------+---------+---------+-------
        D:1 |      39 |       0 |   0.0 |      23 |       0 |   0.0
        D:2 |     102 |       7 |   6.4 |      17 |       2 |  10.5
        D:3 |     240 |       0 |   0.0 |      23 |       0 |   0.0
            +---------+---------+-------+---------+---------+-------
